 Dungeon Crawl Stone Soup version 0.29-a0-872-g797fff5ad1 (webtiles) character file.

Game seed: 17547699942110476036

452 hquester1 the Shield-Bearer (level 6, -21/56 HPs)
             Began as a Minotaur Fighter on July 18, 2022.
             Demolished by an ogre
             ... wielding a +0 giant club
              (22 damage)
             ... on level 4 of the Dungeon.
             The game lasted 00:07:12 (3516 turns).

hquester1 the Shield-Bearer (Minotaur Fighter)      Turns: 3516, Time: 00:07:14

Health: -21/56     AC: 10    Str: 29    XL:     6   Next: 75%
Magic:  5/5        EV:  9    Int:  5    God:
Gold:   123        SH:  9    Dex:  9    Spells: 5/5 levels left

rFire   . . .      SeeInvis .   a - +0 war axe
rCold   . . .      Faith    .   c - +0 buckler
rNeg    . . .      Spirit   .   i - +1 chain mail {rPois}
rPois   +          Reflect  +   (helmet restricted)
rElec   .          Harm     .   (no cloak)
rCorr   .          Rampage  .   (no gloves)
Will    .....                   (no boots)
Stlth   ..........              h - amulet of reflection
HPRegen 0.18/turn               o - ring of poison resistance
MPRegen 0.09/turn               u - +6 ring of strength

@: no status effects
A: horns 2, retaliatory headbutt
a: no special abilities


You were on level 4 of the Dungeon.
You visited 1 branch of the dungeon, and saw 5 of its levels.

You collected 123 gold pieces.

Inventory:

Hand Weapons
 a - a +0 war axe (weapon)
 t - a +0 hand axe of venom
 v - a +0 morningstar
Armour
 b - a +0 scale mail
 c - a +0 buckler (worn)
 i - a +1 chain mail of poison resistance (worn)
 s - a +1 chain mail of positive energy
Jewellery
 h - an amulet of reflection (around neck)
 n - an amulet of the acrobat
 o - a ring of poison resistance (left hand)
 u - a +6 ring of strength (right hand)
Scrolls
 g - 3 scrolls of teleportation {unknown}
 j - 5 scrolls of identify {unknown}
 l - 2 scrolls of enchant weapon {unknown}
 p - a scroll of magic mapping {unknown}
 r - a scroll of poison {unknown}
Potions
 d - 2 potions of might
 e - a potion of resistance {unknown}
 f - 3 potions of curing {unknown}
 k - a potion of cancellation {unknown}
 m - a potion of degeneration {unknown}
 q - a potion of invisibility {unknown}


   Skills:
 + Level 5.2 Fighting
 + Level 4.4 Axes
 + Level 5.1 Armour
 + Level 3.1 Dodging
 + Level 5.2 Shields


You had 5 spell levels left.
You didn't know any spells.
Your spell library contained the following spells:

 Spells                   Type           Power      Damage    Failure   Level
 Summon Small Mammal      Summ           0%         N/A       98%         1
 Call Canine Familiar     Summ           0%         N/A       100%        3
 Summon Guardian Golem    Hex/Summ       0%         N/A       100%        3
 Summon Lightning Spire   Summ/Air       0%         N/A       100%        4
 Storm Form               Tmut/Air       0%         N/A       100%        7
 Maxwell's Capacitive Co  Air            0%         ∞         100%        8


Dungeon Overview and Level Annotations

Branches:
Dungeon (5/15)
 Temple: D:4-7

Altars:
Uskayaw


Innate Abilities, Weirdness & Mutations

You have a pair of horns on your head.
You reflexively headbutt those who attack you in melee.


Message History

You see here an iguana corpse.
Items here: )) [ ††.
You now have 123 gold pieces (gained 10).
d - 2 potions of might (gained 1)
Found a war axe.
You see here a +0 war axe.
You open the door.
An ogre comes into view. It is wielding a +0 giant club.
A hobgoblin comes into view.
The hobgoblin shouts!
There is an open door here.
You barely miss the ogre.
The ogre hits you with a +0 giant club!!
You hit the ogre.
The ogre is lightly wounded.
The ogre hits you with a +0 giant club!!
* * * LOW HITPOINT WARNING * * *
You hit the ogre.
The ogre is moderately wounded.
You hit the ogre.
You headbutt the ogre, but do no damage.
The ogre is moderately wounded.
The ogre hits you with a +0 giant club.
* * * LOW HITPOINT WARNING * * *
You slash the ogre!
The ogre is severely wounded.
You closely miss the hobgoblin. You block the ogre's attack.
The hobgoblin hits you.
* * * LOW HITPOINT WARNING * * *
You hit the ogre.
The ogre is almost dead.
You hit the hobgoblin but do no damage.
The hobgoblin hits you but does no damage.
The ogre barely misses you.
You barely miss the ogre. You headbutt the ogre.
The ogre is almost dead.
You barely miss the hobgoblin.
The hobgoblin hits you but does no damage.
The ogre hits you with a +0 giant club!!
You die...

##.# ..##.#.# # ##..#
##.......#####...### #
#####...####.........####.....###
...........+.........+...........
#####...####.........####...#.###
##..# #.......# ##.##.# #...#
#.....# ####.# ##.## #Og.# ###
#.# #.# #@# ##.## #.# #.# #.#
##.#.## #.# #.# #.####.###.###.#
#)#########.....## ##.##.#
#............#...###...#.#
#########......##.#.##.#.#
##...#.###.<.....# ##.##.#
#####.### ####.........#


You could see an ogre and a hobgoblin.

Vanquished Creatures
  Sigmund (D:2)
  A hound (D:4)
  2 orc priests (D:4)
  An iguana (D:4)
  2 orc wizards (D:4)
  2 adders
  An ufetubus (D:4)
  A worm (D:3)
  5 dart slugs
  6 orcs
  7 endoplasms
  4 giant cockroaches
  6 goblins
  10 hobgoblins
  11 jackals
  2 kobolds
  A quokka (D:1)
  5 ball pythons
  3 bats
  4 frilled lizards
  6 rats
81 creatures vanquished.

Notes
Turn   | Place    | Note
-------+----------+-------------------------------------------
     0 | D:1      | hquester1 the Minotaur Fighter began the quest for the Orb.
     0 | D:1      | Reached XP level 1. HP: 19/19 MP: 0/0
   158 | D:1      | Reached XP level 2. HP: 26/27 MP: 1/1
   414 | D:1      | Reached skill level 1 in Dodging
   414 | D:1      | Reached XP level 3. HP: 33/33 MP: 2/2
  1771 | D:2      | Reached XP level 4. HP: 38/40 MP: 3/3
  1796 | D:2      | Noticed Sigmund
  1820 | D:2      | Killed Sigmund
  1821 | D:2      | Reached XP level 5. HP: 24/47 MP: 4/4
  2442 | D:3      | Found a hide-covered altar of Uskayaw.
  2480 | D:3      | Found a faded altar of an unknown god.
  2515 | D:3      | Reached XP level 6. HP: 55/55 MP: 5/5
  2549 | D:3      | You fall into a shaft and drop 2 floors!
  2549 | D:5      | Entered Level 5 of the Dungeon
  2568 | D:4      | Reached skill level 5 in Shields
  3056 | D:4      | Reached skill level 5 in Fighting
  3083 | D:4      | Reached skill level 5 in Armour
  3514 | D:4      | HP: 1/56 [hobgoblin (4)]
  3516 | D:4      | Demolished by an ogre

Illustrated notes

Levels and vault maps discovered:
D:1:      eino_arrival_cavern_b, layout_basic
D:2:      layout_basic, uniq_sigmund
D:3:      layout_loops_ring, nicolae_uskayaw_murder_on_the_dancefloor,
          chequers_ecumenical_altar_simple_redux
D:4:      layout_loops_corners, hangedman_abyss_or_decor_jellyfish_corner,
          st_stairs_13
D:5:      layout_layer_cave, uniq_edmund

Skill      XL: |  1  2  3  4  5  6 |
---------------+-------------------+-----
Armour         | 4 5 |  5.1
Fighting       | 4 5 |  5.2
Dodging        | 1 2 3 |  3.1
Shields        | 4 5 |  5.2
Axes           | 3 4 |  4.4

Action                   |  1- 3 |  4- 6 || total
-------------------------+-------+-------++-------
Melee: War axe           |   100 |   108 ||   208
       Headbutt          |    13 |    11 ||    24
  Use: Potion            |       |     1 ||     1
Armor: Scale mail        |     7 |       ||     7
       Chain mail        |    38 |    41 ||    79
Dodge: Dodged            |    36 |    34 ||    70
Block: Buckler           |    45 |    44 ||    89

Table legend: (Time is in decaauts)
 A = Elapsed time spent in this place.
 B = Non-inter-level travel time spent in this place.
 C = Inter-level travel time spent in this place.
 D = Time resting spent in this place.
 E = Time spent auto-exploring this place.
 F = Levels seen in this place.
 G = Mean time per level.
                   A        B        C        D        E       F      G
               +--------+--------+--------+--------+--------+-----+--------+
         Total |   3589 |   3412 |    177 |    147 |   2502 |   5 |  717.8 |
       Dungeon |   3589 |   3412 |    177 |    147 |   2502 |   5 |  717.8 |
               +--------+--------+--------+--------+--------+-----+--------+

Top non-repeatable levels by time:
     D:2: 1225 daAuts
     D:1: 1075 daAuts
     D:4: 651 daAuts
     D:3: 626 daAuts
     D:5: 9 daAuts
